Map: Acropolis LE

Players

Capitalism

  • Race: Terran Terran
  • League: Master
  • Spawn Location: 11:00

Mez - Winner!

  • Race: Terran Terran
  • League: Master
  • Spawn Location: 5:00

VOD

Have the link to the VOD?

Description

Time

  • Played on: Aug. 30, 2019, 12:06 a.m.
  • Length: 4:45
Show
View Real Time Build Order
Export as new Build Order

Capitalism Terran 

Build Orders:  

Get SALT Encoding   

  12  0:01  SCV  
  13  0:13  SCV  
  14  0:17  Supply Depot  
  14  0:25  SCV  
  15  0:31  Refinery  
  15  0:39  SCV  
  16  0:45  Barracks  
  16  0:51  SCV  
  17  0:59  Refinery  
  17  1:03  SCV  
  18  1:15  SCV  
  19  1:32  Orbital Command  
  19  1:35  Factory  
  19  1:37  Reaper  
  20  1:58  SCV  
  21  2:10  Reaper  
  21  2:11  SCV  
  23  2:20  Supply Depot  
  23  2:25  Command Center  
  23  2:40  Starport  
  23  2:41  SCV  
  26  2:44  Hellion  
  26  2:45  Reaper  
  27  2:53  SCV  
  28  3:03  Supply Depot  
  28  3:06  SCV  
  28  3:07  Hellion  
  31  3:24  SCV  
  30  3:34  Factory Tech Lab, Barracks Reactor  
  30  3:35  Starport Tech Lab  
  30  3:36  SCV  
  30  3:38  Orbital Command  
  31  3:49  SCV  
  31  3:53  Cyclone  
  35  3:57  Refinery  
  35  4:01  SCV  
  36  4:03  SCV  
  37  4:10  Marine x2  
  37  4:13  SCV  
  37  4:15  SCV, Supply Depot  
  43  4:25  SCV  
  43  4:27  SCV  
  47  4:34  Command Center  
Show
View Real Time Build Order
Export as new Build Order

Mez Terran - Winner!

Build Orders: Gas First Reaper Expand, Hellion Opening 

Get SALT Encoding   

  12  0:00  SCV  
  13  0:13  SCV  
  14  0:17  Supply Depot  
  14  0:25  SCV  
  15  0:33  Refinery  
  15  0:39  SCV  
  16  0:44  Barracks  
  16  0:51  SCV  
  17  1:03  SCV  
  18  1:15  SCV  
  19  1:32  Orbital Command, Reaper  
  20  1:41  Command Center  
  20  1:50  Supply Depot  
  20  1:57  Factory  
  20  2:00  SCV  
  21  2:11  Barracks Reactor  
  21  2:12  SCV  
  22  2:16  Supply Depot  
  22  2:18  Refinery  
  22  2:24  SCV  
  23  2:37  SCV  
  24  2:45  Starport  
  24  2:53  Hellion x2  
  24  2:54  SCV  
  24  2:56  Orbital Command  
  24  2:57  Barracks Tech Lab  
  29  3:16  Marauder, Hellion x2  
  29  3:17  Concussive Shells  
  34  3:31  SCV  
  34  3:33  Medivac  
  37  3:40  Hellion x2  
  41  3:44  Marauder  
  42  3:51  Supply Depot  
  42  3:59  SCV x2  
  44  4:05  Viking  
  46  4:12  SCV x2  
  48  4:18  Supply Depot  
  51  4:27  SCV  
  51  4:28  SCV  
Tags
 
Add a new tag
Caveats
  • Supply blocks, unpowered buildings, or Contaminate may cause inaccurate times.
  • Supply counts are checked every 10 seconds.